 Dungeon Crawl Stone Soup version 0.28.0-47-ge53b351184 (webtiles) character file.

Game seed: 6955421022475422729

270 Peloso the Covered (level 6, -4/56 HPs)
             Began as a Minotaur Fighter on May 6, 2022.
             Killed by divine providence
             ... invoked by an orc priest
              (17 damage)
             ... on level 4 of the Dungeon.
             The game lasted 00:04:49 (3186 turns).

Peloso the Covered (Minotaur Fighter)               Turns: 3186, Time: 00:04:50

Health: -4/56      AC:  9    Str: 20    XL:     6   Next: 1%
Magic:  5/5        EV:  7    Int:  5    God:
Gold:   66         SH:  0    Dex: 12    Spells: 5/5 levels left

rFire   . . .      SeeInvis .   a - +0 long sword
rCold   . . .      Faith    .   c - +0 buckler
rNeg    . . .      Spirit   .   j - +0 chain mail
rPois   .          Reflect  .   (helmet restricted)
rElec   .          Harm     .   (no cloak)
rCorr   .          Rampage  .   (no gloves)
Will    .....                   (no boots)
Stlth   ..........              (no amulet)
HPRegen 0.18/turn               (no ring)
MPRegen 0.09/turn               (no ring)

@: confused
A: horns 2, retaliatory headbutt
a: no special abilities


You were on level 4 of the Dungeon.
You visited 1 branch of the dungeon, and saw 4 of its levels.

You collected 66 gold pieces.

Inventory:

Hand Weapons
 a - a +0 long sword (weapon)
Missiles
 g - a throwing net (quivered)
Armour
 b - a +0 scale mail
 c - a +0 buckler (worn)
 j - a +0 chain mail (worn)
Scrolls
 f - a scroll of fog
 h - 3 scrolls of identify {unknown}
Potions
 d - a potion of might
 e - 2 potions of berserk rage
 i - a potion of degeneration {unknown}


   Skills:
 + Level 5.0 Fighting
 + Level 4.9 Long Blades
 + Level 5.2 Armour
 + Level 1.0 Dodging
 + Level 0.1 Stealth
 + Level 4.2 Shields


You had 5 spell levels left.
You didn't know any spells.
Your spell library was empty.

Dungeon Overview and Level Annotations

Branches:
Dungeon (4/15)
 Temple: D:4-7

Altars:


Innate Abilities, Weirdness & Mutations

You have a pair of horns on your head.
You reflexively headbutt those who attack you in melee.


Message History

You hit the orc but do no damage. The orc closely misses you.
You furiously retaliate!
You headbutt the orc!
You kill the orc!
The orc hits you but does no damage.
Items here: ))) [[ ÷ †.
You barely miss the orc. The orc barely misses you. You furiously retaliate!
You headbutt the orc!
You kill the orc!
There is a stone staircase leading down, spattered with blood here.
You see here a +0 short sword.
You climb downwards.
The orc priest looks satisfied for a moment.
There is a stone staircase leading up, spattered with blood here.
The orc priest invokes the aid of Beogh against you.
Pain shoots through your body!
The orc priest hits you with a +0 trident.
You hear some strange, mumbled words.
A magic dart appears from out of thin air!
Deactivating autopickup; reactivate with Ctrl-A.
The magic dart hits you.
The orc priest looks satisfied for a moment.
Something hits you.
The orc priest invokes the aid of Beogh against you.
Pain shoots through your body!
You hear some strange, mumbled words.
You are confused.
You're too confused to move!
The orc priest invokes the aid of Beogh against you.
Beogh smites you! Something hits you but does no damage.
The orc priest begins to cast a cantrip, but forgets the words!
There is a stone staircase leading up, spattered with blood here.
The orc priest looks satisfied for a moment.
Something completely misses you.
In your confused state, you trip and fall back down the stairs.
* * * LOW HITPOINT WARNING * * *
The orc priest hits you from afar with a +0 trident.
* * * LOW HITPOINT WARNING * * *
The orc priest mumbles some strange prayers to Beogh against you.
Beogh smites you!
You die...

############################
#............@{............o
#.............oo...........o
#...........([..............
#..........................o
#.......))..................
#......)....................
######....##...................
...###....##....###..#######...
..........##....###..## ..


You could see 2 orc priests.

Vanquished Creatures
  A water moccasin skeleton (D:4)
  Jessica (D:2)
  5 orc wizards
  An adder (D:3)
  A worm (D:2)
  A dart slug (D:4)
  12 orcs
  4 endoplasms
  5 goblins
  9 hobgoblins
  2 jackals (D:2)
  2 quokkas
  3 ball pythons
  5 frilled lizards
  4 kobolds
  2 rats
58 creatures vanquished.

Notes
Turn   | Place    | Note
-------+----------+-------------------------------------------
     0 | D:1      | Peloso the Minotaur Fighter began the quest for the Orb.
     0 | D:1      | Reached XP level 1. HP: 19/19 MP: 0/0
   324 | D:1      | Found a faded altar of an unknown god.
   330 | D:1      | Reached XP level 2. HP: 22/27 MP: 1/1
  1166 | D:2      | Noticed Jessica
  1196 | D:2      | Reached XP level 3. HP: 16/33 MP: 2/2
  1200 | D:2      | Killed Jessica
  1422 | D:2      | You fall into a shaft and drop 2 floors!
  1616 | D:3      | Reached XP level 4. HP: 27/41 MP: 3/3
  2104 | D:3      | Reached XP level 5. HP: 41/47 MP: 4/4
  2161 | D:3      | Reached skill level 5 in Armour
  2248 | D:4      | Reached skill level 1 in Dodging
  2301 | D:4      | Identified the +5 hand axe of Xol Taom {drain, rF- Will+
                  | Int+3}
  2456 | D:3      | Reached skill level 5 in Fighting
  2891 | D:3      | Reached XP level 6. HP: 7/56 MP: 5/5
  3186 | D:4      | Killed from afar by an orc priest

Illustrated notes

Levels and vault maps discovered:
D:1:      roderic_octagonal_star, layout_loops_ring,
          shapermc_ecumenical_altar_pompeii, minmay_lizard_pond
D:2:      layout_rooms, uniq_jessica
D:3:      layout_rooms, biasface_ghost_orc_armoury
D:4:      layout_gridville, uniq_robin, uniq_blork_the_orc, uniq_sigmund

Skill      XL: |  1  2  3  4  5 |
---------------+----------------+-----
Fighting       | 4 5 |  5.0
Armour         | 4 5 |  5.2
Long Blades    | 3 4 |  4.9
Shields        | 4 |  4.2
Dodging        | 1 |  1.0
Stealth        | |  0.1

Action                   |  1- 3 |  4- 6 || total
-------------------------+-------+-------++-------
Melee: Long sword        |    71 |    77 ||   148
       Headbutt          |     6 |     8 ||    14
  Use: Potion            |     3 |       ||     3
       Scroll            |     1 |       ||     1
Armor: Scale mail        |    28 |     7 ||    35
       Chain mail        |       |    58 ||    58
Dodge: Dodged            |    43 |    46 ||    89
Block: Buckler           |    16 |    24 ||    40
